 Dungeon Crawl Stone Soup version 0.30-a0-4-ga7cffc901d (webtiles) character file.

Game seed: 8671290454929845656

244 Setbun the Sneak (level 6, 0/35 HPs)
             Began as a Kobold Enchanter on Aug 20, 2022.
             Slain by a hobgoblin
             ... wielding the +5 dagger "Jellyslayer" {vorpal, *Rage rPois Int+2}
              (1 damage)
             ... on level 4 of the Dungeon.
             The game lasted 00:02:52 (3330 turns).

Setbun the Sneak (Kobold Enchanter)                 Turns: 3330, Time: 00:02:53

Health: 0/35       AC:  4    Str:  6    XL:     6   Next: 32%
Magic:  10/10      EV: 16    Int: 16    God:
Gold:   122        SH:  0    Dex: 17    Spells: 11/11 levels left

rFire   . . .      SeeInvis .    g - +2 dagger (speed)
rCold   . . .      Faith    .    (no shield)
rNeg    . . .      Spirit   .    b - +0 robe
rPois   .          Reflect  .    (no helmet)
rElec   .          Harm     .    s - +0 cloak
rCorr   .          Rampage  .    (no gloves)
Will    +....                    o - +0 pair of boots
Stlth   ++++......               (no amulet)
HPRegen 0.11/turn                p - ring of willpower
MPRegen 0.12/turn                (no ring)

@: no status effects
A: small, no large weapons, nightstalker 3
a: no special abilities


You were on level 4 of the Dungeon.
You visited 1 branch of the dungeon, and saw 4 of its levels.

You collected 122 gold pieces.

Inventory:

Hand Weapons
 a - a +1 dagger
 g - a +2 dagger of speed (weapon)
 t - a +0 dagger of venom
Armour
 b - a +0 robe (worn)
 o - a +0 pair of boots (worn)
 s - a +0 cloak (worn)
Jewellery
 p - a ring of willpower (left hand)
Scrolls
 e - 2 scrolls of teleportation {unknown}
 f - 2 scrolls of magic mapping {unknown}
 h - a scroll of summoning {unknown}
 i - a scroll of immolation {unknown}
 l - a scroll of silence {unknown}
 n - a scroll of identify {unknown}
 q - a scroll of vulnerability {unknown}
 u - a scroll of torment {unknown}
Potions
 c - 2 potions of invisibility
 d - a potion of brilliance {unknown}
 j - a potion of ambrosia {unknown}
 k - a potion of might
 m - 2 potions of cancellation {unknown}
 r - a potion of attraction {unknown}


   Skills:
 + Level 2.2 Fighting
 + Level 2.8 Short Blades
 * Level 4.5 Dodging
 + Level 5.1 Stealth
 + Level 3.0 Spellcasting
 + Level 3.6 Hexes


You had 11 spell levels left.
You didn't know any spells.
Your spell library contained the following spells:

 Spells                   Type           Power      Damage    Failure   Level
 Confusing Touch          Hex            14%        N/A       12%         3
 Tukima's Dance           Hex            14%        N/A       12%         3
 Ensorcelled Hibernation  Hex/Ice        16%        N/A       13%         2
 Magic Dart               Conj           8%         1d3       19%         1
 Dazzling Flash           Conj/Hex       16%        N/A       26%         3
 Portal Projectile        Hex/Tloc       16%        N/A       26%         3
 Searing Ray              Conj           4%         2d4       28%         2
 Call Canine Familiar     Summ           2%         N/A       50%         3
 Conjure Flame            Conj/Fire      2%         6-21      50%         3
 Ignite Poison            Fire/Tmut/Pois 2%         N/A       50%         3
 Fulminant Prism          Conj/Hex       4%         3d6       65%         4
 Leda's Liquefaction      Hex/Erth       4%         N/A       65%         4
 Sticky Flame             Conj/Fire      2%         2d3       88%         4


Dungeon Overview and Level Annotations

Branches:
Dungeon (4/15)
 Temple: D:4-7

Altars:
Sif Muna

Shops:
D:2 =


Innate Abilities, Weirdness & Mutations

You are small and have problems with some larger weapons.
You are completely attuned to the shadows.


Message History

You barely miss the ball python. You hit the ball python.
You kill the ball python!
You start resting.
A hobgoblin comes into view.
It is wielding the +5 dagger "Jellyslayer" {vorpal, *Rage rPois Int+2}.
A dart slug comes into view.
The dart slug moves out of view.
The hobgoblin hits you with the +5 dagger "Jellyslayer" {vorpal, *Rage rPois Int+2}!
You barely miss the hobgoblin.
The hobgoblin hits you with the +5 dagger "Jellyslayer" {vorpal, *Rage rPois Int+2}.
You hit the hobgoblin.
The hobgoblin is lightly wounded.
You hit the hobgoblin but do no damage.
The hobgoblin is lightly wounded.
The hobgoblin completely misses you.
You hit the hobgoblin.
The hobgoblin is moderately wounded.
You hit the hobgoblin but do no damage.
The hobgoblin is moderately wounded.
The hobgoblin goes berserk!
The hobgoblin completely misses you.
You hit the hobgoblin.
The hobgoblin is heavily wounded.
The hobgoblin misses you.
You barely miss the hobgoblin.
The hobgoblin is heavily wounded.
The hobgoblin misses you.
You hit the hobgoblin but do no damage.
The hobgoblin is heavily wounded.
The hobgoblin barely misses you.
You hit the hobgoblin.
The hobgoblin is severely wounded.
You barely miss the hobgoblin.
The hobgoblin is severely wounded.
The hobgoblin hits you with the +5 dagger "Jellyslayer" {vorpal, *Rage rPois Int+2}.
* * * LOW HITPOINT WARNING * * *
x2 You hit the hobgoblin but do no damage.
The hobgoblin is severely wounded.
The hobgoblin hits you with the +5 dagger "Jellyslayer" {vorpal, *Rage rPois Int+2}.
* * * LOW HITPOINT WARNING * * *
You die...

##....)...#.......#
.....#............#
#...)#.#.##..o....##
...w.#.#..#........#
##........#........#
..#.#.#.)#.....{..#
#.#...#.##........#
..................##
#..@..##...#####>.##
....g...##...## #.<##
.#.###.####...###..##
... ...# ##...##..##
## #####....#...#
...)..........
.########..... #.....
#.....


You could see a hobgoblin (berserk).

Vanquished Creatures
  A scorpion (D:4)
  An iguana (D:4)
  Jessica (D:2)
  An orc wizard (D:4)
  3 adders
  2 dart slugs
  2 orcs
  9 ball pythons
  A bat skeleton (D:2)
  2 bat zombies (D:2)
  4 endoplasms
  3 giant cockroaches
  8 goblins
  8 hobgoblins
  2 jackals (D:1)
  5 kobolds
  A quokka (D:1)
  3 ball python skeletons (D:2)
  3 bats
  5 frilled lizards
  A giant cockroach zombie (D:2)
  7 rats
73 creatures vanquished.

Notes
Turn   | Place    | Note
-------+----------+-------------------------------------------
     0 | D:1      | Setbun the Kobold Enchanter began the quest for the Orb.
     0 | D:1      | Reached XP level 1. HP: 10/10 MP: 3/3
   137 | D:1      | Reached XP level 2. HP: 15/15 MP: 5/5
   334 | D:1      | Reached XP level 3. HP: 20/20 MP: 6/6
   619 | D:1      | Reached skill level 1 in Fighting
   975 | D:2      | Found Qafuomi's Jewellery Shoppe.
  1167 | D:2      | Noticed Jessica
  1179 | D:2      | Killed Jessica
  1180 | D:2      | Reached XP level 4. HP: 12/25 MP: 7/7
  1458 | D:2      | Found a shimmering blue altar of Sif Muna.
  1921 | D:2      | Found a faded altar of an unknown god.
  2082 | D:3      | Reached XP level 5. HP: 29/29 MP: 7/9
  2969 | D:4      | Reached skill level 5 in Stealth
  2969 | D:4      | Reached XP level 6. HP: 27/35 MP: 10/10
  3316 | D:4      | Identified the +5 dagger "Jellyslayer" {vorpal, *Rage rPois
                  | Int+2}
  3330 | D:4      | HP: 1/35 [hobgoblin/the +5 dagger "Jellyslayer" {vorpal,
                  | *Rage rPois Int+2} (3)]
  3330 | D:4      | Slain by a hobgoblin

Illustrated notes

Levels and vault maps discovered:
D:1:      spicycebolla_green_bress_n_ham_2, layout_basic
D:2:      layout_loops_ring, serial_undead, serial_undead_d, serial_undead_f,
          serial_undead_a, serial_undead_d, serial_shops, nicolae_shop_trees,
          hellmonk_ecumenical_altar_leap_of_faith, basic_altar, nrook_uturn,
          minmay_pentomino_q2, uniq_jessica
D:3:      layout_basic
D:4:      nicolae_cairo_tiling_large_dashed, layout_rooms

Skill      XL: |  1  2  3  4  5 |
---------------+----------------+-----
Dodging        | 3 4 |  4.5
Fighting       | 1 2 |  2.2
Short Blades   | 2 |  2.8
Stealth        | 5 |  5.1
Spellcasting   | 3 |  3.0
Hexes          | |  3.6

Action                   |  1- 3 |  4- 6 || total
-------------------------+-------+-------++-------
Melee: Dagger            |    81 |   151 ||   232
       Punch             |     1 |     1 ||     2
 Stab: Sleeping          |    16 |    15 ||    31
Armor: Robe              |     9 |    14 ||    23
Dodge: Dodged            |    44 |    78 ||   122

Table legend: (Time is in decaauts)
 A = Elapsed time spent in this place.
 B = Non-inter-level travel time spent in this place.
 C = Inter-level travel time spent in this place.
 D = Time resting spent in this place.
 E = Time spent auto-exploring this place.
 F = Levels seen in this place.
 G = Mean time per level.
                   A        B        C        D        E       F      G
               +--------+--------+--------+--------+--------+-----+--------+
         Total |   3246 |   3110 |    136 |    243 |   2417 |   4 |  811.5 |
       Dungeon |   3246 |   3110 |    136 |    243 |   2417 |   4 |  811.5 |
               +--------+--------+--------+--------+--------+-----+--------+

Top non-repeatable levels by time:
     D:2: 1196 daAuts
     D:3: 993 daAuts
     D:1: 738 daAuts
     D:4: 318 daAuts
